 Dungeon Crawl Stone Soup version 0.28.0-49-g6dfe1f597d (webtiles) character file.

Game seed: 8474814109306627549

959 Cykl0x the Digger (level 8, -3/41 HPs)
             Began as a Gargoyle Earth Elementalist on May 18, 2022.
             Slain by a wight
             ... wielding a +2 spear of venom
              (8 damage)
             ... on level 6 of the Dungeon.
             The game lasted 00:09:28 (6684 turns).

Cykl0x the Digger (Gargoyle Earth Elementalist)     Turns: 6684, Time: 00:09:29

Health: -3/41      AC:  7    Str: 13    XL:     8   Next: 14%
Magic:  8/15       EV: 12    Int: 17    God:
Gold:   1454       SH:  0    Dex: 10    Spells: 13/17 levels left

rFire   . . .      SeeInvis .   e - +8 hand axe of the Gnat {speed, Stlth+}
rCold   . . .      Faith    .   (no shield)
rNeg    + . .      Spirit   .   b - +0 robe
rPois   ∞          Reflect  .   i - +0 hat
rElec   +          Harm     .   (no cloak)
rCorr   .          Rampage  .   (no gloves)
Will    .....                   (no boots)
Stlth   +++.......              (no amulet)
HPRegen 0.13/turn               (no ring)
MPRegen 0.14/turn               (no ring)

@: no status effects
A: sickness immunity, AC +5, negative energy resistance 1, electricity
resistance, torment resistance 1, petrification resistance
a: no special abilities


You were on level 6 of the Dungeon.
You visited 2 branches of the dungeon, and saw 7 of its levels.

You collected 1454 gold pieces.

Inventory:

Hand Weapons
 a - a +0 dagger
 d - a +1 club of flaming
 e - the +8 hand axe of the Gnat (weapon) {speed, Stlth+}
   (You found it on level 2 of the Dungeon)

   Attacks with this weapon are significantly faster.
   Stlth:     It makes you more stealthy.
Missiles
 c - 98 stones
 g - a throwing net
Armour
 b - a +0 robe (worn)
 i - a +0 hat (worn)
Jewellery
 s - a ring of fire
 u - an amulet of guardian spirit
 x - a ring of willpower
Wands
 q - a wand of flame (27)
Scrolls
 n - 4 scrolls of fog
 r - a scroll of identify
 t - a scroll of summoning
Potions
 f - a potion of cancellation
 h - 2 potions of magic
 j - a potion of attraction
 k - 4 potions of heal wounds
 l - a potion of haste
 o - a potion of mutation
 p - a potion of berserk rage
 z - a potion of might {unknown}


   Skills:
 + Level 0.2 Fighting
 + Level 0.5(0.6) Axes
 + Level 0.2(0.4) Maces & Flails
 + Level 2.0 Dodging
 - Level 2.3 Stealth
 + Level 5.1 Spellcasting
 * Level 5.1 Conjurations
 - Level 0.7 Transmutations
 + Level 7.0 Earth Magic


You had 13 spell levels left.
You knew the following spells:

 Your Spells              Type           Power      Damage    Failure   Level
a - Sandblast             Erth           56%        2d13      1%          1
b - Stone Arrow           Conj/Erth      50%        3d10      3%          3

Your spell library contained the following spells:

 Spells                   Type           Power      Damage    Failure   Level
 Passwall                 Tmut/Erth      14%        N/A       4%          2
 Ensorcelled Hibernation  Hex/Ice        8%         N/A       22%         2
 Petrify                  Tmut/Erth      17%        N/A       28%         4
 Swiftness                Air            4%         N/A       38%         3


Dungeon Overview and Level Annotations

Branches:
Dungeon (6/15)             Temple (1/1) D:5

Altars:
Ashenzari
Cheibriados
Dithmenos
Elyvilon
Fedhas
Gozag
Hepliaklqana
Kikubaaqudgha
Makhleb
Nemelex Xobeh
Okawaru
Qazlal
Ru
Sif Muna
Trog
Uskayaw
Wu Jian
Zin
The Shining One

Shops:
D:3 [


Innate Abilities, Weirdness & Mutations

You are immune to sickness and miasma.
Your stone body is resilient. (AC +5)
You are immune to poison.
You resist negative energy. (rN+)
You are resistant to electric shocks. (rElec)
You are resistant to unholy torment.
You are immune to petrification.


Message History

Your sky beast hits the bullfrog skeleton.
Your sky beast shocks the bullfrog skeleton.
Your bullfrog hits the bullfrog skeleton!
The bullfrog skeleton is destroyed!
Your Earth Magic skill increases to level 7!
Unknown command.
Casting: Stone Arrow (dangerous; 3% risk of failure)
Confirm with . or Enter, or press ? or * to list all spells.
Aiming: Stone Arrow (dangerous; 3% risk of failure)
Press: ? - help, Shift-Dir - straight line, f - wight
Aim: a wight, wielding a +0 dagger and wearing a +0 robe (71% to hit)
Okay, then.
The wight closely misses your sky beast.
Items here: )) [[.
The wight closely misses your bullfrog.
The wight closely misses your sky beast.
The wight barely misses your bullfrog. x2
You swap places.
The wight hits you but does no damage. The wight misses your bullfrog.
Your bullfrog hits the wight!
The wight hits your bullfrog with a +0 dagger.
Your bullfrog hits the wight.
The wight hits you from afar with a +2 spear of venom.
Your bullfrog hits the wight but does no damage.
The wight barely misses your bullfrog.
Your magical contamination has completely faded away.
Items here: )) [[.
The wight hits you with a +2 spear of venom!
The wight hits you with a +4 great sword!
Your bullfrog hits the wight.
Your sky beast hits the wight but does no damage.
The wight hits your bullfrog with a +0 dagger.
The wight drains your bullfrog.
Your bullfrog closely misses the wight.
The wight hits you with a +2 spear of venom!
* * * LOW HITPOINT WARNING * * *
The wight hits your bullfrog with a +0 dagger!
Your bullfrog dies!
Your bullfrog's corpse dissolves into shadows!
The wight hits you from afar with a +2 spear of venom!
You die...

######### #.......###########
###.#####.##........#
........#.##..!.....#
........#.##....@...# ....Y
........#.##.zz.....# ......
........#.##.Yz.....#######......
........#....)####+###....#......
........######## ##....#......
......##>....... ...........
......##.####### ........
......##.################..######
......##.........................


You could see 3 wights and a friendly sky beast (summoned, invisible).

Vanquished Creatures
  A water moccasin (D:5)
  An ogre (D:4)
  2 scorpions
  A wyvern skeleton (D:5)
  2 wights (D:6)
  A centaur zombie (D:3)
  A bullfrog skeleton (D:5)
  A hound (D:6)
  A centaur skeleton (D:4)
  Natasha (thrice) (D:2)
  3 orc wizards (D:5)
  A killer bee zombie (D:3)
  2 hound skeletons
  4 gnolls (D:5)
  2 adders
  A white imp (D:5)
  A worm (D:4)
  6 dart slugs
  3 orcs
  8 endoplasms
  7 giant cockroaches
  11 goblins
  7 hobgoblins
  4 jackals (D:1)
  3 quokkas
  5 ball pythons
  8 bats
  4 frilled lizards
  7 kobolds
  2 rats (D:1)
103 creatures vanquished.

Vanquished Creatures (collateral kills)
  A bullfrog skeleton (D:6)
1 creature vanquished.

Grand Total: 104 creatures vanquished

Notes
Turn   | Place    | Note
-------+----------+-------------------------------------------
     0 | D:1      | Cykl0x the Gargoyle Earth Elementalist began the quest for
                  | the Orb.
     0 | D:1      | Reached XP level 1. HP: 10/10 MP: 3/3
    79 | D:1      | Reached XP level 2. HP: 15/15 MP: 1/5
    81 | D:1      | Reached skill level 4 in Earth Magic
   464 | D:1      | Reached XP level 3. HP: 19/19 MP: 1/6
   468 | D:1      | Learned a level 3 spell: Stone Arrow
  1311 | D:2      | Found a faded altar of an unknown god.
  1331 | D:2      | Identified the +8 hand axe of the Gnat {speed, Stlth+}
  1973 | D:2      | Noticed Natasha
  1978 | D:2      | Killed Natasha
  1979 | D:2      | Reached skill level 1 in Conjurations
  1979 | D:2      | Reached XP level 4. HP: 15/24 MP: 0/8
  2010 | D:2      | Reached skill level 5 in Earth Magic
  2101 | D:2      | Noticed Natasha
  2105 | D:2      | Killed Natasha
  2643 | D:2      | Noticed Natasha
  2646 | D:2      | Killed Natasha
  2647 | D:2      | Reached XP level 5. HP: 28/28 MP: 5/9
  3311 | D:3      | Found Woveylad's Armour Shoppe.
  4249 | D:4      | Reached XP level 6. HP: 31/32 MP: 1/11
  5191 | D:5      | Entered Level 5 of the Dungeon
  5196 | D:5      | Reached XP level 7. HP: 36/36 MP: 9/13
  5458 | D:5      | Reached skill level 6 in Earth Magic
  5643 | D:5      | Found a staircase to the Ecumenical Temple.
  5654 | Temple   | Entered the Ecumenical Temple
  6450 | D:5      | Found a shimmering blue altar of Sif Muna.
  6580 | D:5      | Identified a scroll of acquirement
  6580 | D:5      | Acquired 1256 gold pieces
  6606 | D:6      | Reached skill level 5 in Conjurations
  6606 | D:6      | Reached XP level 8. HP: 41/41 MP: 11/15
  6675 | D:6      | Reached skill level 5 in Spellcasting
  6677 | D:6      | Reached skill level 7 in Earth Magic
  6684 | D:6      | Slain by a wight

Illustrated notes

Levels and vault maps discovered:
D:1:      amcnicky_arrival_underground_garden, layout_loops_cross,
          serial_rivers, chequers_serial_rivers_small_3,
          chequers_serial_rivers_small_b, chequers_serial_rivers_micro_b,
          chequers_serial_rivers_room_b
D:2:      layout_basic, shapermc_ecumenical_altar_venn, uniq_natasha
D:3:      layout_loops_ring, serial_shops, shop_fountains, supply_closet_lemuel
D:4:      layout_basic
D:5:      layout_basic, kennysheep_orc_sif_temple, minmay_temple_entry_slanted
D:6:      layout_basic, enter_ossuary_5, uniq_maggie
Temple:   regret_index_temple_mists

Skill      XL: |  1  2  3  4  5  6  7  8 |
---------------+-------------------------+-----
Earth Magic    | 4 5 6 7 |  7.0
Conjurations   | 1 2 3 5 |  5.1
Spellcasting   | 3 4 5 |  5.1
Dodging        | 2 |  2.0
Fighting       | |  0.2
Axes           | |  0.5
Maces & Flails | |  0.2
Stealth        | |  2.3
Transmutations | |  0.7

Action                   |  1- 3 |  4- 6 |  7- 9 || total
-------------------------+-------+-------+-------++-------
Melee: Club              |    10 |       |       ||    10
       Hand axe          |       |    16 |     2 ||    18
 Cast: Sandblast         |    46 |    18 |    19 ||    83
       Stone Arrow       |    13 |    35 |    16 ||    64
  Use: Scroll            |     3 |     4 |    11 ||    18
Armor: Robe              |    13 |     8 |     7 ||    28
Dodge: Dodged            |    18 |    15 |    12 ||    45
